 Dungeon Crawl Stone Soup version 0.13-a0-2244-g236abbe (webtiles) character file.

166 Kae the Chopper (level 5, 0/46 HPs)
             Began as a Hill Orc Fighter on July 5, 2013.
             Slain by Grinder (1 damage)
             ... on Level 3 of the Dungeon.
             The game lasted 00:02:01 (2016 turns).

Kae the Chopper (Hill Orc Fighter)                  Turns: 2016, Time: 00:02:02

HP   0/46        AC  7     Str 20      XL: 5   Next:  1%
MP   4/4         EV  9     Int  8      God:
Gold 50          SH 19     Dex 10      Spells:  0 memorised,  4 levels left

Res.Fire  : . . .   See Invis. : .   a - +0,+1 orc hand axe {=f}
Res.Cold  : . . .   Warding    : .   b - +0 orc scale mail
Life Prot.: . . .   Conserve   : .   c - +0 orc shield
Res.Poison: .       Res.Corr.  : .   (no helmet)
Res.Elec. : .       Clarity    : .   (no cloak)
Sust.Abil.: . .     Spirit.Shd : .   (no gloves)
Res.Mut.  : .       Stasis     : .   (no boots)
Res.Rott. : .       Flight     : .   (no amulet)
Saprovore : + . .                    n - +3 ring of evasion
                                     (no ring)

@: slightly resistant to hostile enchantments, extremely unstealthy
A: saprovore 1
a: no special abilities


You were on level 3 of the Dungeon.
You were not hungry.

You visited 1 branch of the dungeon, and saw 3 of its levels.

You collected 30 gold pieces.

Inventory:

Hand weapons
 a - a +0,+1 orcish hand axe (weapon) {=f}
Missiles
 o - 4 silver darts (quivered)
Armour
 b - a +0 orcish scale mail (worn)
 c - a +0 orcish shield (worn)
Comestibles
 d - a meat ration
 f - a rotting chunk of goblin flesh
 g - a bread ration
 h - a chunk of jackal flesh
 k - an orange
 p - a choko
Scrolls
 j - 3 scrolls of remove curse
Jewellery
 e - an uncursed ring of poison resistance {unknown}
 n - a +3 ring of evasion (right hand)


   Skills:
 - Level 3.6 Fighting
 + Level 6.6 Axes
 - Level 3.2 Armour
 - Level 3.2 Shields


You had 4 spell levels left.
You didn't know any spells.

Dungeon Overview and Level Annotations

Branches:
Dungeon (3/27)

Altars:

Annotations
D:3 Grinder


Innate Abilities, Weirdness & Mutations

You can tolerate rotten meat.


Message History

Grinder hits you.
You writhe in agony.
Grinder hits you.
* * * LOW HITPOINT WARNING * * *
You writhe in agony.
* * * LOW HITPOINT WARNING * * *
You can move again.
Unknown command.
Unknown command.
Unknown command.
Unknown command.
Unknown command.
Unknown command.
Unknown command.
Unknown command.
You closely miss Grinder.
Grinder is lightly wounded.
Grinder hits you!
* * * LOW HITPOINT WARNING * * *
You writhe in agony.
You die...

,..#####....########...###...####
..# #..............(..........
*#.# #..#########....###.......
#.# #..# #....# #....... #.# #..#
#....###....... #.#
#..#########.......%......
##.#####.........................
.................................
.......%........@5...............
.......%..##########.############
.....###..# #.# * .....# #..# #.#
* .....# #).# #.# ******* .....#
#..# #.# *,,,,,, .....###..###
### #.# ****,, ,,, .##.........#
#.# ###,,, ,,,..., .##....###..#
#.# #...,,,...#*


You could see Grinder.

Vanquished Creatures
  A crimson imp (D:3)
  Jessica (D:2)
  2 adders (D:3)
  A worm (D:3)
  A giant cockroach (D:1)
  7 goblins
  6 hobgoblins
  9 kobolds
  A quokka (D:2)
  A ball python (D:2)
  5 bats
  3 giant newts
  4 jackals (D:3)
  6 rats
48 creatures vanquished.

Notes
Turn   | Place    | Note
--------------------------------------------------------------
     0 | D:1      | Kae, the Hill Orc Fighter, began the quest for the Orb.
     0 | D:1      | Reached XP level 1. HP: 19/19 MP: 0/0
   127 | D:1      | Reached XP level 2. HP: 26/26 MP: 1/1
   254 | D:1      | Reached skill level 4 in Axes
   710 | D:2      | Noticed Jessica
   715 | D:2      | Killed Jessica
   715 | D:2      | Reached skill level 5 in Axes
   715 | D:2      | Reached XP level 3. HP: 33/33 MP: 2/2
  1472 | D:3      | Reached XP level 4. HP: 28/39 MP: 3/3
  1795 | D:3      | Reached skill level 6 in Axes
  1984 | D:3      | Noticed Grinder
  1989 | D:3      | Reached XP level 5. HP: 27/46 MP: 4/4
  2004 | D:3      | Paralysed by Grinder for 2 turns
  2012 | D:3      | Paralysed by Grinder for 4 turns
  2016 | D:3      | HP: 1/46 [Grinder (8)]
  2016 | D:3      | Slain by Grinder

Action                   |  1- 3 |  4- 6 || total
-------------------------+-------+-------++-------
Melee: Hand axe          |   100 |   161 ||   261
  Use: Scroll            |       |     6 ||     6
       Potion            |       |     2 ||     2
